 Dungeon Crawl Stone Soup version 0.25-b1-37-g2669288c55 (webtiles) character file.

Game seed: 2115933302611494810

8985 gruber the Archer (level 11, -30/99 HPs)
             Began as a Centaur Hunter on June 4, 2020.
             Was an Elder of Okawaru.
             Annihilated by a white ugly thing (32 damage)
             ... on level 12 of the Dungeon.
             The game lasted 00:17:33 (16191 turns).

gruber the Archer (Centaur Hunter)                 Turns: 16191, Time: 00:17:33

Health: -30/99     AC: 15    Str: 18    XL:     11   Next: 17%
Magic:  14/16      EV: 13    Int: 10    God:    Okawaru [****..]
Gold:   1256       SH:  0    Dex: 10    Spells: 5/10 levels left

rFire    + . .     SeeInvis .   t - +1 trident (vorpal)
rCold    . . .     Gourm    .   (no shield)
rNeg     . . .     Faith    .   N - +0 ring mail {rF+}
rPois    .         Spirit   .   (no helmet)
rElec    .         Reflect  .   (no cloak)
rCorr    .         Harm     .   s - +0 pair of gloves
MR       +....                  r - +0 centaur barding
Stlth    ++........             x - amulet of the acrobat
HPRegen  0.26/turn              B - +4 ring of evasion
MPRegen  0.15/turn              g - ring of protection from magic

@: heroism, very quick
A: large, hooves 3, deformed body, speed 2, tough skin 3
a: Heroism, Renounce Religion


You were on level 12 of the Dungeon.
You worshipped Okawaru.
Okawaru was greatly pleased with you.
You were not hungry.

You visited 2 branches of the dungeon, and saw 13 of its levels.

You collected 1256 gold pieces.

Inventory:

Hand Weapons
 a - a +1 shortbow
 b - a +0 short sword
 t - a +1 vorpal trident (weapon)
Missiles
 d - 30 arrows
Armour
 r - a +0 centaur barding (worn)
 s - a +0 pair of gloves (worn)
 N - a +0 ring mail of fire resistance (worn)
Jewellery
 g - a ring of protection from magic (right hand)
 x - an amulet of the acrobat (around neck)
 A - an uncursed ring of fire
 B - a +4 ring of evasion (left hand)
 G - an uncursed ring of resist corrosion
Wands
 e - a wand of clouds (14)
 C - a wand of iceblast (18)
 E - a wand of acid (6)
 H - a wand of flame (37)
 L - a wand of disintegration (11)
Scrolls
 h - 6 scrolls of remove curse
 i - 3 scrolls of magic mapping {unknown}
 j - 4 scrolls of teleportation {unknown}
 k - 11 scrolls of identify {unknown}
 n - 2 scrolls of noise {unknown}
 y - 3 scrolls of amnesia {unknown}
 D - 4 scrolls of blinking {unknown}
 F - a scroll of enchant weapon {unknown}
 I - a scroll of silence {unknown}
 J - 2 scrolls of immolation {unknown}
 K - a scroll of torment {unknown}
Potions
 c - a potion of degeneration {unknown}
 l - 2 potions of lignification {unknown}
 m - 2 potions of ambrosia {unknown}
 o - 5 potions of brilliance {unknown}
 p - a potion of flight {unknown}
 q - 3 potions of curing
 u - a potion of might {unknown}
 v - a potion of stabbing {unknown}
 w - a potion of heal wounds {unknown}
 z - a potion of invisibility {unknown}
 O - a potion of mutation {unknown}
Comestibles
 f - 23 rations


   Skills:
 - Level 10.0(15.0) Fighting
 - Level 7.1(12.1) Polearms
 - Level 10.4(15.4) Bows
 * Level 5.6(10.6) Armour
 - Level 1.3(6.3) Dodging
 - Level 0.4(5.4) Stealth
 - Level 7.0 Invocations


You had 5 spell levels left.
You knew the following spells:

 Your Spells              Type           Power        Failure   Level  Hunger
a - Blink                 Tloc           N/A          65%         2    ###....
b - Portal Projectile     Hex/Tloc       #.....       87%         3    ####...

Your spell library contained the following spells:

 Spells                   Type           Power        Failure   Level  Hunger
 Animate Skeleton         Necr           N/A          52%         1    ##.....
 Corona                   Hex            #......      52%         1    ##.....
 Pain                     Necr           #...         52%         1    ##.....
 Ensorcelled Hibernation  Hex/Ice        #.....       65%         2    ###....
 Confusing Touch          Hex            #.......     87%         3    ####...
 Dazzling Flash           Conj/Hex       #.....       87%         3    ####...
 Gell's Gravitas          Tloc           #.........   87%         3    ####...
 Tukima's Dance           Hex            #.......     87%         3    ####...
 Vampiric Draining        Necr           #.........   87%         3    ####...
 Animate Dead             Necr           N/A          99%         4    #####..
 Petrify                  Tmut/Erth      #.......     99%         4    #####..
 Agony                    Necr           #.......     100%        5    ######.
 Bolt of Magma            Conj/Fire/Erth #.........   100%        5    ######.
 Metabolic Englaciation   Hex/Ice        #.........   100%        5    ######.
 Yara's Violent Unravell  Hex/Tmut       #.........   100%        5    ######.
 Malign Gateway           Summ/Tloc      #.........   100%        7    #######


Dungeon Overview and Level Annotations

Branches:
Dungeon (12/15)            Temple (1/1) D:6            Lair (0/6) D:10
    Orc: D:9-12

Altars:
Ashenzari
Cheibriados
Elyvilon
Fedhas
Gozag
Kikubaaqudgha
Makhleb
Okawaru
Qazlal
Ru
Wu Jian
Xom
The Shining One
Beogh

Shops:
D:6 *

Portals:
Trove: D:11 (give +4 fire dragon scales)

Annotations:
D:11 3 runed translucent doors, Raspi's ghost, journeyman MiBe


Innate Abilities, Weirdness & Mutations

You have hooves in place of feet.
Armour fits poorly on your strangely shaped body.
You cover ground very quickly.
You have extremely tough skin. (AC +3)


Message History

The white ugly thing is moderately wounded.
You closely miss the white ugly thing. You kick the white ugly thing.
The white ugly thing is moderately wounded.
The white ugly thing claws you. The white ugly thing freezes you!!
You are too injured to fight recklessly!
You are too injured to fight recklessly!
You are too injured to fight recklessly!
You are too injured to fight recklessly!
You puncture the white ugly thing!
The white ugly thing is heavily wounded.
The white ugly thing claws you. The white ugly thing freezes you!!
* * * LOW HITPOINT WARNING * * *
You barely miss the white ugly thing. You kick the white ugly thing!
The white ugly thing is heavily wounded.
You closely miss the white ugly thing.
The white ugly thing is heavily wounded.
The white ugly thing claws you.
* * * LOW HITPOINT WARNING * * *
The white ugly thing freezes you!!
You die...

###### #....#
#@...#
#uZ......
.........
..(..Z....
...(...<...
....(...Z...
....(.####...
.....(.# .8.


You could see a white ugly thing, a goblin zombie and 2 orc zombies.

Vanquished Creatures
  A two-headed ogre (D:10)
  Pikel (D:5)
  A manticore (D:11)
  A komodo dragon (D:11)
  3 trolls
  A hornet (D:11)
  Grinder (D:6)
  3 hippogriffs
  A wraith (D:11)
  3 yaks (D:9)
  Menkaure (D:4)
  7 orc warriors
  4 sky beasts
  2 ogres
  4 slaves (D:5)
  An ice beast (D:5)
  3 black bears
  3 phantoms
  A wolf (D:10)
  A crocodile (D:11)
  Blork the orc (D:6)
  2 big kobolds
  2 bullfrogs
  A wyvern zombie (D:7)
  2 scorpions
  11 killer bees
  A howler monkey (D:9)
  2 electric eels (D:10)
  A crimson imp (D:5)
  A centaur zombie (D:11)
  A bullfrog zombie (D:7)
  A quasit (D:8)
  7 hounds (D:10)
  4 orc priests
  5 centaur skeletons
  6 orc wizards
  4 bullfrog skeletons
  3 iguanas
  6 worker ants
  A killer bee zombie (D:5)
  A hound skeleton (D:5)
  A worker ant zombie (D:5)
  A howler monkey skeleton (D:11)
  10 adders
  3 shadow imps
  2 oozes
  An adder zombie (D:7)
  An adder skeleton (D:7)
  5 worms
  2 dart slugs (D:3)
  5 leopard geckos
  49 orcs
  2 ball pythons
  10 bats
  4 giant cockroaches
  8 hobgoblins
  10 jackals
  16 kobolds
  4 quokkas
  3 frilled lizards
  A giant cockroach zombie (D:6)
  6 goblins
  A leopard gecko zombie (D:5)
  2 quokka skeletons
  3 rats
256 creatures vanquished.

Vanquished Creatures (others)
  A human (D:9)
1 creature vanquished.

Grand Total: 257 creatures vanquished

Notes
Turn   | Place    | Note
-------+----------+-------------------------------------------
     0 | D:1      | gruber the Centaur Hunter began the quest for the Orb.
     0 | D:1      | Reached XP level 1. HP: 17/17 MP: 1/1
   493 | D:1      | Reached XP level 2. HP: 17/24 MP: 2/2
  1329 | D:2      | Reached XP level 3. HP: 27/29 MP: 3/3
  2035 | D:2      | Reached XP level 4. HP: 27/36 MP: 4/4
  2550 | D:3      | Found a roughly hewn altar of Beogh.
  2612 | D:3      | Reached XP level 5. HP: 41/41 MP: 5/5
  3419 | D:3      | Found a shattered altar of Ashenzari.
  3420 | D:3      | Found a blossoming altar of Fedhas.
  3641 | D:4      | Noticed Menkaure
  3720 | D:4      | Found a shimmering altar of Xom.
  3761 | D:4      | Reached XP level 6. HP: 48/48 MP: 6/6
  3938 | D:4      | Killed Menkaure
  3938 | D:4      | Reached skill level 10 in Bows
  4182 | D:4      | Reached skill level 1 in Polearms
  4182 | D:4      | Reached XP level 7. HP: 55/55 MP: 7/7
  4189 | D:4      | Found a shimmering altar of Xom.
  4200 | D:4      | Found a shimmering altar of Xom.
  4442 | D:5      | Entered Level 5 of the Dungeon
  4724 | D:5      | Found a white marble altar of Elyvilon.
  4927 | D:5      | Found a glowing golden altar of the Shining One.
  5384 | D:6      | Noticed Pikel
  5862 | D:5      | Killed Pikel
  5862 | D:5      | Reached XP level 8. HP: 45/61 MP: 8/8
  6058 | D:6      | Found a burning altar of Makhleb.
  6081 | D:6      | Noticed Grinder
  6094 | D:6      | Paralysed by Grinder for 4 turns
  6102 | D:6      | Killed Grinder
  6323 | D:6      | Identified the Compendium of Twisted Fire
  6340 | D:6      | Learned a level 2 spell: Blink
  6344 | D:6      | Learned a level 3 spell: Portal Projectile
  6412 | D:6      | Found a staircase to the Ecumenical Temple.
  6419 | Temple   | Entered the Ecumenical Temple
  6439 | Temple   | Became a worshipper of Warmaster Okawaru
  6612 | D:6      | Found Yrikhymo's Serpentskin Sales.
  6801 | D:6      | Noticed Blork the orc
  6818 | D:6      | Killed Blork the orc
  7267 | D:7      | Reached skill level 5 in Fighting
  7297 | D:7      | Reached * piety under Okawaru
  7297 | D:7      | Reached XP level 9. HP: 74/74 MP: 9/9
  7396 | D:7      | Found a burning altar of Makhleb.
  8903 | D:8      | Reached ** piety under Okawaru
  8979 | D:8      | HP: 4/81 [poisoned by a killer bee]
 11007 | D:8      | Reached skill level 10 in Fighting
 11007 | D:8      | Reached XP level 10. HP: 32/93 MP: 7/10
 11323 | D:9      | Reached skill level 1 in Invocations
 11625 | D:9      | Found a shimmering altar of Xom.
 11714 | D:9      | Reached *** piety under Okawaru
 12255 | D:9      | Reached skill level 5 in Invocations
 12332 | D:9      | Found an ancient bone altar of Kikubaaqudgha.
 12403 | D:10     | Entered Level 10 of the Dungeon
 12417 | D:10     | Found a glowing golden altar of the Shining One.
 12424 | D:10     | Noticed a two-headed ogre
 12458 | D:10     | Killed a two-headed ogre
 12891 | D:10     | Reached skill level 1 in Armour
 13374 | D:10     | Found a staircase to the Lair.
 13836 | D:11     | Noticed a manticore
 14048 | D:11     | Reached **** piety under Okawaru
 14186 | D:11     | Received a gift from Okawaru
 14533 | D:11     | Noticed a centaur warrior
 14533 | D:11     | Noticed a two-headed ogre
 14534 | D:11     | Noticed Raspi's ghost (journeyman MiBe)
 14544 | D:11     | Found a runed translucent gate.
 14544 | D:11     | Found a runed translucent gate.
 14546 | D:11     | Found a runed translucent gate.
 14547 | D:11     | Noticed a gargoyle
 14854 | D:11     | Reached XP level 11. HP: 99/99 MP: 16/16
 15017 | D:11     | Reached skill level 5 in Armour
 15338 | D:11     | Found a portal to a secret trove of treasure.
 16177 | D:12     | Noticed a white ugly thing
 16191 | D:12     | HP: 2/99 [white ugly thing (5)]
 16191 | D:12     | Annihilated by a white ugly thing

Illustrated notes

Levels and vault maps discovered:
D:1:      matt_arrival_spirals, layout_basic
D:2:      layout_basic, serial_glass, glass_columns_a, glass_columns_a
D:3:      layout_loops_cross, gammafunk_temple_overflow_statue, first_ration,
          kennysheep_orc_chapel
D:4:      layout_loops_ring, xom_redecorated, uniq_menkaure
D:5:      layout_basic, nicolae_overflow_hidden_temple, lemuel_doored_altar
D:6:      layout_gridville, old_standard_altar, minmay_temple_entry_tees,
          guppyfry_shop_venom, uniq_blork_the_orc, uniq_pikel, uniq_grinder
D:7:      cheibrodos_two_vegetables, layout_cave_pods, basic_altar,
          grunt_ogre_cave
D:8:      minmay_goldmine, layout_cave_pools
D:9:      layout_rooms, overflow_temple_1_default, tgw_kikubaaqudgha
D:10:     layout_rooms, erik_lair_island, tso_metal_star
D:11:     layout_layer_cave, gammafunk_ghost_split, trove_entry_hex_spiral,
          item_on_display_a
D:12:     layout_irregular_city, zombieorc2_lemuel, small_statue_alley_a
Temple:   eino_temple_scatter_basement

Skill      XL: |  1  2  3  4  5  6  7  8  9 10 11 |
---------------+----------------------------------+-----
Bows           | 6 7 8 9 10 | 10.4
Polearms       | 1 6 7 |  7.1
Fighting       | 5 10 | 10.0
Invocations    | 7 |  7.0
Armour         | 4 5 |  5.6
Dodging        | |  1.3
Stealth        | |  0.4

Action                   |  1- 3 |  4- 6 |  7- 9 | 10-12 || total
-------------------------+-------+-------+-------+-------++-------
Melee: Short sword       |     1 |       |       |       ||     1
       Trident           |       |     6 |   257 |   221 ||   484
       Kick              |       |     1 |    57 |    58 ||   116
       Punch             |       |       |     2 |       ||     2
 Fire: Shortbow          |   114 |   209 |   281 |   178 ||   782
Invok: Heroism           |       |       |     8 |     3 ||    11
Evoke: Wand              |       |       |       |     3 ||     3
  Use: Scroll            |       |       |     3 |     1 ||     4
       Potion            |       |       |     2 |       ||     2
  Eat: Chunk             |     2 |     5 |    15 |    14 ||    36
       Ration            |       |       |     1 |       ||     1
Armor: Leather armour    |     7 |    51 |   130 |    40 ||   228
       Ring mail         |       |       |       |    51 ||    51
Dodge: Dodged            |    26 |    31 |   119 |   121 ||   297
